General information
- name: BNet
- type: Ladder team game (AT/RT)
- host: Battle.net
- saver: brucewillisusa
map: Slalom
- players: 8
- length: 13:50
- speed: Fast
- version: 1.24 W3XP
- replay type: Public
» download(45 KB)
Players
team 1 (loser)

»
ron_burgundy (
orange | 22 APM | 305 actions | 13:49)
2 Shadow Hunter
1 Serpent Ward
1 Healing Wave
1 Goblin Tinker
1 Pocket Factory
» actions
| Assign group hotkey | 3 | |
| Build / train | 28 | |
| Enter build submenu | 11 | |
| Enter hero's abilities submenu | 3 | |
| Right click | 108 | |
| Select / deselect | 88 | |
| Select group hotkey | 20 | |
| Use ability | 44 | |
305 total
» units
| Peon | 7 | |
| Grunt | 2 | |
| Shaman | 4 | |
| Troll Witch Doctor | 4 | |
17 total
» upgrades
| Shaman Training | 2 | |
| Witch Doctor Training | 2 | |
4 total
» buildings
| Altar of Storms | 1 | |
| Orc Burrow | 6 | |
| War Mill | 1 | |
| Barracks | 1 | |
| Stronghold | 1 | |
| Fortress | 1 | |
| Spirit Lodge | 2 | |
13 total
» build order
00:05 Altar of Storms
00:09 Orc Burrow
00:30 Orc Burrow
01:29 War Mill
01:49 Barracks
02:38 Orc Burrow
03:22 Stronghold
04:05 Orc Burrow
05:06 Orc Burrow
05:11 Orc Burrow
05:56 Fortress
06:02 Spirit Lodge
06:08 Spirit Lodge

»
Oblivionxi (
green | 25 APM | 347 actions | 13:49)
3 Lich
2 Frost Nova
1 Frost Armor
» actions
| Basic commands | 1 | |
| Build / train | 38 | |
| Enter build submenu | 15 | |
| Enter hero's abilities submenu | 3 | |
| Remove unit from queue | 2 | |
| Right click | 167 | |
| Select / deselect | 96 | |
| Use ability | 25 | |
347 total
» units
» upgrades
| Creature Attack | 2 | |
| Creature Carapace | 2 | |
| Stone Form | 1 | |
5 total
» buildings
| Altar of Darkness | 1 | |
| Ziggurat | 9 | |
| Crypt | 2 | |
| Graveyard | 1 | |
| Halls of the Dead | 1 | |
| Tomb of Relics | 1 | |
| Sacrificial Pit | 1 | |
| Black Citadel | 1 | |
17 total
» build order
00:20 Altar of Darkness
00:32 Ziggurat
00:56 Crypt
01:13 Ziggurat
01:45 Graveyard
02:01 Crypt
03:41 Halls of the Dead
04:12 Ziggurat
04:15 Ziggurat
04:19 Tomb of Relics
05:11 Ziggurat
05:15 Ziggurat
05:18 Ziggurat
05:21 Ziggurat
06:24 Ziggurat
06:25 Sacrificial Pit
09:12 Black Citadel
» items

»
bad.mofo (
blue | 37 APM | 516 actions | 13:49)
3 Archmage
1 Summon Water Elemental
2 Brilliance Aura
» actions
| Assign group hotkey | 13 | |
| Build / train | 51 | |
| ESC pressed | 5 | |
| Enter build submenu | 36 | |
| Enter hero's abilities submenu | 3 | |
| Give item / drop item | 1 | |
| Right click | 115 | |
| Select / deselect | 146 | |
| Select group hotkey | 83 | |
| Use ability | 63 | |
516 total
» units
| Peasant | 16 | |
| Footman | 3 | |
| Mortar Team | 5 | |
| Sorceress | 4 | |
| Siege Engine | 2 | |
30 total
» upgrades
| Lumber Harvesting | 2 | |
| Sorceress Training | 2 | |
| Gunpowder | 2 | |
| Armor | 1 | |
7 total
» buildings
| Altar of Kings | 1 | |
| Farm | 16 | |
| Barracks | 1 | |
| Keep | 4 | |
| Blacksmith | 1 | |
| Town Hall | 1 | |
| Lumber Mill | 1 | |
| Arcane Vault | 2 | |
| Workshop | 2 | |
| Arcane Sanctum | 1 | |
| Scout Tower | 5 | |
| Castle | 2 | |
| Guard Tower | 3 | |
40 total
» build order
00:16 Altar of Kings
00:20 Farm
00:46 Barracks
02:07 Farm
02:31 Farm
02:56 Farm
03:17 Farm
04:12 Keep
04:12 Keep
04:12 Keep
04:12 Keep
04:59 Farm
05:15 Blacksmith
05:33 Town Hall
05:45 Farm
05:58 Lumber Mill
06:29 Farm
06:35 Arcane Vault
07:07 Workshop
07:11 Arcane Sanctum
07:23 Farm
07:57 Scout Tower
08:27 Workshop
08:30 Castle
08:30 Castle
08:41 Farm
08:48 Scout Tower
09:32 Scout Tower
09:38 Farm
10:05 Guard Tower
10:21 Farm
10:27 Scout Tower
11:33 Farm
11:37 Farm
12:18 Farm
12:21 Farm
12:48 Guard Tower
13:02 Arcane Vault
13:11 Guard Tower
13:14 Scout Tower
» items
Seize (
purple | 24 APM | 328 actions | 13:49)
3 Blood Mage
1 Banish
1 Siphon Mana
1 Flame Strike
» actions
| Assign group hotkey | 9 | |
| Build / train | 36 | |
| Enter build submenu | 10 | |
| Enter hero's abilities submenu | 3 | |
| Right click | 96 | |
| Select / deselect | 51 | |
| Select group hotkey | 94 | |
| Use ability | 29 | |
328 total
» units
» upgrades
| Swords | 2 | |
| Armor | 3 | |
| Lumber Harvesting | 2 | |
| Masonry | 1 | |
| Animal War Training | 1 | |
| Storm Hammers | 1 | |
10 total
» buildings
| Altar of Kings | 1 | |
| Farm | 9 | |
| Lumber Mill | 1 | |
| Barracks | 1 | |
| Blacksmith | 1 | |
| Arcane Vault | 1 | |
| Keep | 1 | |
| Castle | 1 | |
| Gryphon Aviary | 2 | |
18 total
» build order
00:23 Altar of Kings
00:36 Farm
00:37 Farm
00:54 Lumber Mill
01:15 Farm
01:33 Barracks
02:08 Blacksmith
02:14 Arcane Vault
02:17 Farm
02:20 Farm
02:24 Farm
03:23 Keep
06:22 Castle
06:31 Gryphon Aviary
06:33 Gryphon Aviary
07:47 Farm
07:48 Farm
07:49 Farm
team 2 (winner)

»
mattsven1 (
pink | 11 APM | 146 actions | 13:49)
» actions
| Basic commands | 12 | |
| Build / train | 3 | |
| Enter build submenu | 3 | |
| Right click | 71 | |
| Select / deselect | 50 | |
| Use ability | 7 | |
146 total
» units
» buildings
| Ziggurat | 1 | |
| Altar of Darkness | 1 | |
| Crypt | 1 | |
3 total
» build order
00:06 Ziggurat
00:16 Altar of Darkness
00:18 Crypt

»
brucewillisusa (
teal | 12 APM | 161 actions | 13:50)
» actions
| Basic commands | 1 | |
| Right click | 26 | |
| Select / deselect | 133 | |
| Use ability | 1 | |
161 total
Chat log
(00:05 / Allies) brucewillisusa: charbroield what happened to all your games
(00:09 / Allies) brucewillisusa: you had like 8000
(01:07 / All) brucewillisusa: have you guys ever played
(01:11 / All) brucewillisusa: "dont move your tauren"
(01:12 / All) brucewillisusa: ?
(01:13 / All) ron_burgundy: no.
(01:15 / All) ron_burgundy: first game.
(01:21 / All) Oblivionxi: Yeah. I always win.
(01:32 / All) brucewillisusa: we are playing it
(01:33 / All) brucewillisusa: over on my side
(01:48 / All) bad.mofo: have you ever played stfu ?
(01:50 / All) Oblivionxi: Who is winning?
(01:54 / All) brucewillisusa: 4 way tie so far
(02:28 / All) Seize: yes
(05:15 / All) brucewillisusa: you guys might want to scout this game
(05:21 / All) brucewillisusa: before you spend 20 minutes expoing and teching
(05:37 / Allies) mattsven1: whats the point of this
(05:39 / All) ron_burgundy: no thanks, need to waste time.
(05:39 / All) Oblivionxi: Whys that?
(05:47 / Allies) brucewillisusa: whats the point of playing to win
(07:19 / Allies) brucewillisusa: ud starts witha ghoul
(07:21 / Allies) brucewillisusa: lol
(07:34 / Allies) mattsven1: i know but i wanna be like u guys haha
(07:37 / Allies) brucewillisusa: k
(07:46 / Allies) brucewillisusa: wonder how long til they cross the map
(09:43 / All) Oblivionxi: ...
(09:51 / All) brucewillisusa: Don't move your tauren
(09:54 / All) Oblivionxi: You cant be serious.
(10:21 / All) Oblivionxi: Now how..Did you manage to do that?
(10:22 / All) Seize: lol idiots
(10:44 / All) brucewillisusa: he dies first
(10:47 / All) brucewillisusa: because he moved his tauren
(10:50 / All) brucewillisusa: notice he has 5 acos
(10:54 / All) brucewillisusa: thats not what yous tart with
(11:04 / All) Oblivionxi: >.>
(13:23 / All) brucewillisusa: somethings bugged with this map
(13:28 / All) brucewillisusa: you guys moved your taurens
(13:34 / All) Oblivionxi: :P
(13:39 / Allies) brucewillisusa: cD
(13:41 / Allies) brucewillisusa: xD
(13:43 / All) ron_burgundy: i got casters
(13:46 / All) ron_burgundy: not taren